 Dungeon Crawl Stone Soup version 0.21.1-1-g345015f (webtiles) character file.

112 CanOfBees the Skirmisher (level 4, -7/41 HPs)
             Began as a Ghoul Monk on June 14, 2018.
             Mangled by dedward's ghost (11 damage)
             ... on level 3 of the Dungeon.
             The game lasted 00:06:08 (1892 turns).

CanOfBees the Skirmisher (Ghoul Monk)               Turns: 1892, Time: 00:06:09

Health: -7/41      AC:  9    Str: 15    XL:     4   Next: 95%
Magic:  3/3        EV: 12    Int:  5    God:
Gold:   165        SH:  0    Dex: 11    Spells: 3/3 levels left

rFire    . . .     SeeInvis .     - Unarmed
rCold    + . .     Gourm    .   (no shield)
rNeg     + + +     Faith    .   e - +0 ring mail
rPois    ∞         Spirit   .   (no helmet)
rElec    .         Reflect  .   (no cloak)
rCorr    .         Harm     .   (no gloves)
MR       +....                  (no boots)
Stlth    +.........             (no amulet)
HPRegen  0.00/turn              s - ring of protection from magic (curse)
MPRegen  0.08/turn              r - +4 ring of protection

@: rotting
A: rotting body, claws 1, carnivore, cold resistance 1, negative energy
resistance 3, inhibited regeneration, torment resistance, unbreathing
a: no special abilities


You were on level 3 of the Dungeon.
You were not hungry.

You visited 1 branch of the dungeon, and saw 3 of its levels.

You collected 165 gold pieces.

Inventory:

Missiles
 i - 4 tomahawks
 p - 60 stones (quivered)
Armour
 e - a +0 ring mail (worn)
Jewellery
 a - an uncursed ring of protection from cold
 r - a +4 ring of protection (right claw)
 s - a cursed ring of protection from magic (left claw)
 x - an uncursed amulet of magic regeneration {unknown}
Wands
 w - a wand of digging (16)
Scrolls
 c - a scroll of blinking
 g - a scroll of fog {unknown}
 h - a scroll of random uselessness {unknown}
 l - 2 scrolls of noise
 n - a scroll of teleportation
 q - a scroll of amnesia
 t - a scroll of identify
 v - a scroll of remove curse {unknown}
Potions
 f - a potion of lignification {unknown}
 j - a potion of flight
 k - a potion of curing
 o - a potion of berserk rage {unknown}
 u - a potion of might {unknown}
 z - a potion of invisibility {unknown}
Comestibles
 b - 5 rations
 m - 2 chunks of flesh


   Skills:
 + Level 4.3 Fighting
 + Level 3.6 Dodging
 - Level 2.1 Stealth
 * Level 4.3 Unarmed Combat


You had 3 spell levels left.
You didn't know any spells.

Dungeon Overview and Level Annotations

Branches:
Dungeon (3/15)

Altars:

Annotations:
D:3 dedward's ghost, amateur TrMo


Innate Abilities, Weirdness & Mutations

Your body is rotting away.
You thrive on raw meat.
You are immune to poison.
You have sharp fingernails.
You are carnivorous and can eat meat at any time.
Your flesh is cold resistant. (rC+)
You are immune to negative energy. (rN+++)
You do not regenerate when monsters are visible.
You are immune to unholy pain and torment.
You can survive without breathing.


Message History

Dedward's ghost screams, "You will never get the ORB!"
Dedward's ghost misses you.
Blink to where?
Press: ? - help, Dir - move target cursor, f - you
Okay, then.
You scratch dedward's ghost but do no damage.
Dedward's ghost is almost destroyed.
The orc hits you but does no damage. Dedward's ghost hits you!
You scratch dedward's ghost but do no damage.
Dedward's ghost is almost destroyed.
Dedward's ghost closely misses you.
An orc comes into view. It is wielding a hand axe.
You closely miss dedward's ghost.
Dedward's ghost is almost destroyed.
Dedward's ghost hits you!
* * * LOW HITPOINT WARNING * * *
You scratch dedward's ghost.
Dedward's ghost is almost destroyed.
The orc hits you but does no damage. Dedward's ghost hits you!
You die...

#...# #...# #####
#...### ?..# #..... #
##.####...# ##.#.
###.........#
......#W@.........#
.%>..ooo#.........#
##.#..####.##.....#####
#... ...##.#.........#
### ######.#...#.#####
#.#...#.# #.......#
########...###
#........#..(#


You could see dedward's ghost and 3 orcs.

Vanquished Creatures
  4 adders
  An ooze (D:1)
  2 worms (D:2)
  4 dart slugs
  A leopard gecko (D:1)
  2 orcs (D:3)
  3 giant cockroaches (D:1)
  6 goblins
  7 hobgoblins
  2 jackals (D:1)
  A quokka (D:2)
  5 bats
  4 frilled lizards
  4 kobolds
  11 rats
57 creatures vanquished.

Notes
Turn   | Place    | Note
-------+----------+-------------------------------------------
     0 | D:1      | CanOfBees the Ghoul Monk began the quest for the Orb.
     0 | D:1      | Reached XP level 1. HP: 19/19 MP: 0/0
   124 | D:1      | Reached XP level 2. HP: 13/26 MP: 1/1
   273 | D:1      | Reached XP level 3. HP: 32/33 MP: 2/2
  1069 | D:2      | Reached XP level 4. HP: 30/40 MP: 3/3
  1862 | D:3      | Noticed dedward's ghost (amateur TrMo)
  1892 | D:3      | Mangled by dedward's ghost

Skill      XL: |  1  2  3 |
---------------+----------+-----
Dodging        | 3 |  3.6
Fighting       | 4 |  4.3
Unarmed Combat | 4 |  4.3
Stealth        | |  2.1

Action                   |  1- 3 |  4- 6 || total
-------------------------+-------+-------++-------
Melee: Unarmed           |   126 |   114 ||   240
       Punch             |     1 |     3 ||     4
  Use: Potion            |     2 |     3 ||     5
       Scroll            |       |     4 ||     4
 Stab: Sleeping          |       |     1 ||     1
  Eat: Chunk             |    17 |     5 ||    22
Armor: Ring mail         |    28 |    42 ||    70
Dodge: Dodged            |    74 |    62 ||   136
